AoeStats
← [CL] ßitokø × 1876

African Clearing

506553974Analyzed
3v3 RM · 19d ago on Sep 14, 2026· 36m 1s· 6 players
Game mode
Random Map
Map size
Normal (6 player)
Population
200
Speed
Normal
Resources
Standard
Victory
Conquest
Starting age
Dark Age
Ending age
Imperial Age
RankedLock teamsTeams togetherTeam positionsShared explorationLock speedFull tech treeHidden civsTurbo modeCheats
Victory
Defeat
🇨🇱 Jurchens · Chile
1667
+11
🇨🇱 Romans · Chile
1585
+14
🇨🇱 Huns · Chile
1540
+17
🇦🇷 Mapuche · Argentina
1574
-15
🇦🇷 Japanese · Argentina
1552
-14
🇦🇷 Vietnamese · Argentina
1518
-13
[CL] FARFANA
8:49 Loom
11:08 Feudal Age
12:08 Double-Bit Axe
12:28 Horse Collar
22:37 Castle Age
24:05 Wheelbarrow
23:35 Gold Mining
23:56 Bow Saw
26:00 Ballistics
27:18 Town Watch
27:28 Pikeman
28:10 Squires
Darth Maul
14:10 Feudal Age
14:51 Loom
18:54 Castle Age
17:24 Double-Bit Axe
18:02 Gold Mining
17:57 Fishing Lines
20:06 Bow Saw
20:09 Gillnets
20:41 Loom
21:47 Scale Barding Armor
28:19 Wheelbarrow
29:08 Chain Barding Armor
29:51 Husbandry
30:03 Town Watch
30:44 Bloodlines
32:43 Stone Mining
32:34 Horse Collar
36:43 Imperial Age
35:33 Forging
36:32 Hand Cart
[CL] ßitokø × 1876
8:56 Loom
11:44 Feudal Age
13:34 Forging
17:12 Scale Barding Armor
16:51 Horse Collar
24:55 Castle Age
24:34 Double-Bit Axe
24:41 Gold Mining
24:42 Stone Mining
25:49 Bow Saw
25:42 Heavy Plow
28:08 Wheelbarrow
29:29 Bloodlines
29:20 Husbandry
29:16 Fletching
31:00 Hand Cart
31:46 Ballistics
31:54 Town Watch
35:59 Marauders
AM | Pipi Romagnoli
4:38 Loom
13:33 Feudal Age
15:32 Wheelbarrow
17:21 Castle Age
19:08 Fletching
19:19 Padded Archer Armor
20:55 Bodkin Arrow
27:30 Horse Collar
29:26 Husbandry
31:03 Bloodlines
32:17 Wheelbarrow
33:07 Ballistics
33:37 Thumb Ring
[W] Haggardo
7:22 Loom
13:53 Feudal Age
18:33 Castle Age
17:13 Double-Bit Axe
18:01 Fletching
23:53 Town Watch
25:38 Ballistics
27:48 Bodkin Arrow
29:33 Padded Archer Armor
31:11 Leather Archer Armor
33:56 Malon
35:13 Wheelbarrow
[W] BattleDenk
11:15 Loom
13:00 Feudal Age
17:13 Castle Age
17:25 Town Watch
21:07 Horse Collar
28:18 Double-Bit Axe
29:54 Bow Saw
33:27 Scale Barding Armor
33:22 Scale Mail Armor
34:00 Forging
34:29 Chain Barding Armor
34:20 Husbandry
34:45 Bloodlines
Connection lost

Rejoining the realm…

Still unreachable

The connection could not be restored.

Session expired

The server has moved on; the page needs a fresh start.